 Dungeon Crawl Stone Soup version 0.23-a0-703-gdf2d5e0 (webtiles) character file.

2574 nikopol the Thaumaturge (level 9, -1/46 HPs)
             Began as a Deep Elf Fire Elementalist on Jan 13, 2019.
             Was a Believer of Vehumet.
             Slain by a troll (8 damage)
             ... on level 9 of the Dungeon.
             The game lasted 00:17:41 (7393 turns).

nikopol the Thaumaturge (DEFE)                      Turns: 7393, Time: 00:17:42

Health: -1/46      AC:  5    Str:  5    XL:     9   Next: 32%
Magic:  21/24      EV: 14    Int: 30    God:    Vehumet [**....]
Gold:   325        SH:  5    Dex: 15    Spells: 9/27 levels left

rFire    . . .     SeeInvis .   H - +3 short sword (elec)
rCold    + . .     Gourm    .   i - +0 buckler
rNeg     . . .     Faith    .   a - +0 robe
rPois    .         Spirit   .   B - +2 hat
rElec    .         Reflect  .   (no cloak)
rCorr    .         Harm     .   h - +0 pair of gloves
MR       .....                  (no boots)
Stlth    ++........             (no amulet)
HPRegen  0.15/turn              k - +6 ring of intelligence
MPRegen  0.19/turn              K - ring of protection from cold

@: no status effects
A: no striking features
a: Renounce Religion


You were on level 9 of the Dungeon.
You worshipped Vehumet.
Vehumet was pleased with you.
You were not hungry.

You visited 2 branches of the dungeon, and saw 9 of its levels.

You collected 325 gold pieces.

Inventory:

Hand Weapons
 H - a +3 short sword of electrocution (weapon)
Armour
 a - a +0 robe (worn)
 h - a +0 pair of gloves (worn)
 i - a +0 buckler (worn)
 B - a +2 hat (worn)
Jewellery
 k - a +6 ring of intelligence (left hand)
 I - an uncursed ring of ice
 K - a ring of protection from cold (right hand)
Wands
 F - a wand of disintegration (11)
Scrolls
 b - 4 scrolls of remove curse {unknown}
 l - 8 scrolls of identify
 n - 2 scrolls of random uselessness {unknown}
 o - a scroll of immolation {unknown}
 u - 4 scrolls of teleportation {unknown}
 v - 3 scrolls of blinking {unknown}
 w - 2 scrolls of fear {unknown}
 x - 2 scrolls of magic mapping {unknown}
 y - a scroll of fog {unknown}
 D - a scroll of enchant armour {unknown}
 G - a scroll of torment {unknown}
Potions
 e - 7 potions of curing {unknown}
 f - a potion of haste
 g - a potion of cancellation {unknown}
 j - 2 potions of heal wounds {unknown}
 m - a potion of brilliance {unknown}
 p - a potion of magic {unknown}
 q - a potion of degeneration {unknown}
 r - a potion of might {unknown}
 z - 4 potions of flight {unknown}
 A - a potion of agility
 C - 2 potions of resistance {unknown}
 E - a potion of ambrosia {unknown}
Comestibles
 c - 15 rations
 J - 3 chunks of flesh


   Skills:
 + Level 0.4 Fighting
 + Level 3.6 Dodging
 + Level 3.3 Stealth
 + Level 4.0 Shields
 + Level 9.5 Spellcasting
 + Level 6.6 Conjurations
 + Level 7.5 Fire Magic
 + Level 1.3 Earth Magic


You had 9 spell levels left.
You knew the following spells:

 Your Spells              Type           Power        Failure   Level  Hunger
a - Flame Tongue          Conj/Fire      #####        1%          1    None
b - Throw Flame           Conj/Fire      ######       1%          2    None
c - Conjure Flame         Conj/Fire      ######..     1%          3    None
d - Sticky Flame          Conj/Fire      ######..     1%          4    None
e - Fireball              Conj/Fire      ######....   5%          5    ###....
f - Stone Arrow           Conj/Erth      #####.       2%          3    None

Your spell library contained the following spells:

 Spells                   Type           Power        Failure   Level  Hunger
 Freeze                   Ice            ##..         3%          1    None
 Sandblast                Erth           ###...       2%          1    None
 Inner Flame              Hex/Fire       #####...     2%          3    None
 Passwall                 Tmut/Erth      ###.....     4%          2    None
 Petrify                  Tmut/Erth      ###.....     28%         4    None
 Lee's Rapid Deconstruct  Erth           ###.......   52%         5    ###....


Dungeon Overview and Level Annotations

Branches:
Dungeon (7/15)             Temple (1/1) D:4

Altars:
Cheibriados
Dithmenos
Gozag
Hepliaklqana
Kikubaaqudgha
Makhleb
Nemelex Xobeh
Okawaru
Qazlal
Ru
Sif Muna
Trog
Vehumet
Wu Jian
Xom


Message History

An orc comes into view. It is wielding a -2 hand axe.
The orc shouts!
The troll burns!
A hound skeleton comes into view.
An orc wizard comes into view. It is wielding a +0 dagger.
The troll burns!
The troll bites you. The troll barely misses you. The troll closely misses you.
The troll burns!
The troll bites you! The troll claws you. The troll misses you.
A hippogriff comes into view.
The hippogriff screeches!
The troll burns!
The troll burns!
The troll burns!
The troll barely misses you. The troll claws you. You block the troll's attack.
There is a stone staircase leading up here.
The troll burns!
The troll bites you! The troll claws you!
* * * LOW HITPOINT WARNING * * *
The troll closely misses you. The troll bites you!
You die...

.... ..# ...
...###. # #...
$...... . .#. ...
....... o
o...###.##.......
..#................
#...# #............
#...##.Z.@........
#.o...TT........
#..##......#.......
.#.........H......
...................
###.#.#..#.##......
# #.#..#.# ...... #
#..#.# ......
...#.# ......


You could see a hippogriff, 2 trolls, an orc and a hound skeleton.

Vanquished Creatures
  A hornet (D:7)
  3 yaks (D:6)
  Eustachio (D:4)
  2 sky beasts
  An orc warrior (D:7)
  An ogre (D:5)
  2 phantoms (D:5)
  2 bullfrogs (D:7)
  2 scorpions
  A water moccasin skeleton (D:6)
  2 howler monkeys (D:6)
  3 centaur zombies
  3 crimson imps
  A jelly (D:5)
  2 hounds
  2 orc priests (D:6)
  3 orc wizards
  3 iguanas (D:5)
  Natasha (thrice) (D:3)
  2 worker ants
  A hound zombie (D:7)
  A hound skeleton (D:6)
  11 adders
  A gnoll (D:3)
  2 shadow imps (D:6)
  2 adder zombies
  2 worms
  A dart slug (D:2)
  7 leopard geckos
  14 orcs
  A ball python (D:3)
  10 giant cockroaches
  13 goblins
  15 hobgoblins
  9 jackals
  7 quokkas
  5 bats
  11 frilled lizards
  15 kobolds
  A quokka skeleton (D:4)
  A quokka zombie (D:5)
  14 rats
184 creatures vanquished.

Notes
Turn   | Place    | Note
-------+----------+-------------------------------------------
     0 | D:1      | nikopol the Deep Elf Fire Elementalist began the quest for
                  | the Orb.
     0 | D:1      | Reached XP level 1. HP: 10/10 MP: 6/6
   176 | D:1      | Reached XP level 2. HP: 15/15 MP: 2/8
   659 | D:2      | Reached XP level 3. HP: 19/19 MP: 6/9
   788 | D:2      | Found an opulent altar of Gozag.
  1002 | D:2      | Learned a level 2 spell: Throw Flame
  1006 | D:2      | Learned a level 3 spell: Conjure Flame
  1040 | D:2      | Found a faded altar of an unknown god.
  1275 | D:2      | Reached XP level 4. HP: 24/24 MP: 6/11
  1357 | D:2      | Reached skill level 1 in Shields
  1357 | D:2      | Reached skill level 4 in Spellcasting
  2332 | D:3      | Reached XP level 5. HP: 23/28 MP: 8/13
  2463 | D:3      | Learned a level 4 spell: Sticky Flame
  2536 | D:3      | Noticed Natasha
  2543 | D:3      | Killed Natasha
  2639 | D:3      | Noticed Natasha
  2645 | D:3      | Killed Natasha
  3000 | D:3      | Noticed Natasha
  3010 | D:3      | Killed Natasha
  3010 | D:3      | Reached XP level 6. HP: 32/32 MP: 12/15
  3285 | D:4      | Reached skill level 5 in Spellcasting
  3308 | D:4      | Noticed Eustachio
  3319 | D:4      | Killed Eustachio
  3802 | D:4      | Found a staircase to the Ecumenical Temple.
  3842 | Temple   | Entered the Ecumenical Temple
  3999 | Temple   | Became a worshipper of Vehumet
  4184 | D:5      | Entered Level 5 of the Dungeon
  4229 | D:5      | Reached skill level 6 in Spellcasting
  4229 | D:5      | Reached skill level 5 in Fire Magic
  4229 | D:5      | Reached XP level 7. HP: 36/36 MP: 10/18
  4496 | D:4      | Learned a level 5 spell: Fireball
  4500 | D:4      | Learned a level 3 spell: Stone Arrow
  5062 | D:5      | Reached skill level 7 in Spellcasting
  5062 | D:5      | Reached XP level 8. HP: 27/41 MP: 10/20
  5537 | D:6      | Found a sparkling altar of Nemelex Xobeh.
  5583 | D:6      | Reached * piety under Vehumet
  5583 | D:6      | Offered knowledge of Sting by Vehumet.
  5940 | D:6      | Reached skill level 5 in Conjurations
  6077 | D:6      | Found a hazy altar of Hepliaklqana.
  6078 | D:6      | Found a stormy altar of Qazlal.
  6224 | D:6      | Reached skill level 8 in Spellcasting
  6856 | D:7      | Reached XP level 9. HP: 46/46 MP: 13/23
  6865 | D:7      | Reached skill level 9 in Spellcasting
  7205 | D:7      | Found an ornate altar of the Wu Jian Council.
  7227 | D:7      | Reached skill level 1 in Earth Magic
  7231 | D:7      | Offered knowledge of Freeze by Vehumet.
  7308 | D:7      | Reached ** piety under Vehumet
  7383 | D:7      | You fall through a shaft for 2 floors!
  7383 | D:9      | Noticed a troll
  7383 | D:9      | Noticed a troll
  7393 | D:9      | Slain by a troll

Vault maps used:
D:1:      sevenhm_arrival_forest_fort_small_3
D:2:      minmay_thinvault, grunt_gozag_breadcrumbs,
          chequers_ecumenical_altar_grove, serial_glass, glass_columns_b,
          glass_columns_b
D:3:      first_ration, minmay_quantized, uniq_natasha
D:4:      temple_hall, uniq_eustachio
D:5:      corexii_shack_village
D:6:      gammafunk_temple_overflow_statue, nemelex_xobeh_ov_fountains_minmay
D:7:      kennysheep_little_box, lemuel_doored_altar, serial_shops,
          nicolae_shop_window_shopping, serial_park_tiny_pond
D:9:      gammafunk_temple_overflow_forgotten, fedhas_bush_and_centaur_altar,
          serial_shops, shop, shop, shop, nicolae_shop_behind_doors
Temple:   nicolae_temple_figure_eight

Skill      XL: |  1  2  3  4  5  6  7  8  9 |
---------------+----------------------------+-----
Fire Magic     | 4 5 7 |  7.5
Dodging        | 3 |  3.6
Shields        | 1 2 3 4 |  4.0
Spellcasting   | 4 6 7 8 9 |  9.5
Conjurations   | 2 3 4 6 |  6.6
Stealth        | 3 |  3.3
Earth Magic    | 1 |  1.3
Fighting       | |  0.4

Action                   |  1- 3 |  4- 6 |  7- 9 || total
-------------------------+-------+-------+-------++-------
Melee: Dagger            |       |     1 |       ||     1
       Short sword       |       |       |     1 ||     1
 Cast: Flame Tongue      |    69 |   145 |   172 ||   386
       Throw Flame       |       |     3 |     7 ||    10
       Sticky Flame      |       |     2 |    19 ||    21
       Stone Arrow       |       |       |     9 ||     9
       Conjure Flame     |       |       |     4 ||     4
  Use: Scroll            |       |       |     1 ||     1
  Eat: Chunk             |     1 |     9 |    10 ||    20
Armor: Robe              |     6 |     5 |    14 ||    25
Dodge: Dodged            |    12 |    17 |    38 ||    67
Block: Buckler           |     2 |     9 |     7 ||    18

Table legend:
 A = Non-vault XP
 B = Vault XP
 C = Vault XP percentage of total XP
 D = Non-vault monster count
 E = Vault monster count
 F = Vault count percentage of total count
                 A         B        C        D         E       F
            +---------+---------+-------+---------+---------+-------
      Total |    3285 |     393 |  10.7 |     145 |      39 |  21.2
            +---------+---------+-------+---------+---------+-------
        D:1 |      35 |       0 |   0.0 |      22 |       0 |   0.0
        D:2 |      44 |     102 |  69.9 |      15 |      23 |  60.5
        D:3 |     135 |      84 |  38.4 |      30 |       6 |  16.7
        D:4 |      76 |     191 |  71.5 |      17 |       1 |   5.6
        D:5 |     839 |      16 |   1.9 |      17 |       9 |  34.6
        D:6 |    1194 |       0 |   0.0 |      29 |       0 |   0.0
        D:7 |     962 |       0 |   0.0 |      15 |       0 |   0.0
            +---------+---------+-------+---------+---------+-------
